[Event "Benidorm Open-A 2022"]
[Site "Benidorm"]
[Date "2022.12.08"]
[Round "7.5"]
[White "Ram Aravind L N"]
[Black "Fernandez Guillen, Ernesto J."]
[Result "0-1"]
[ECO "A05"]
[WhiteElo "2272"]
[BlackElo "2462"]
[Annotator "TA"]
[PlyCount "164"]
[EventDate "2022.12.03"]
[EventType "swiss"]
[EventCountry "ESP"]
[SourceTitle "playchess.com"]
[Source "ChessBase"]
[SourceQuality "1"]
[TimeControl "5400+30"]

1. Nf3 Nf6 2. b3 b6 3. Bb2 Bb7 4. e3 g6 5. d4 Bg7 6. Nbd2 {A05: Réti Opening: 1 Nf3 Nf6.} O-O 7. c4 d6 8. Bd3 {The position is equal.} Nbd7 9. Qc2 e5 10. dxe5 dxe5 11. Nxe5 (11. O-O $15) 11... Nxe5 $17 (11... Bxg2 $6 12. Nxd7 (12. Rg1 Nxe5 13. Bxe5 Qe7 $15) 12... Nxd7 13. Bxg7 Kxg7 14. Rg1 $11) 12. Bxe5 {[#]} Re8 $146 ({Predecessor:} 12... Qe7 13. Bb2 Bxg2 14. Rg1 Bb7 15. O-O-O a5 16. a3 Rad8 17. c5 Rd5 18. b4 axb4 19. axb4 bxc5 {0-1 (44) Brown,M (2524)-Mamedyarov,S (2817) Chess.com INT 2019}) 13. Bc3 Ng4 14. Bxg7 Nxe3 15. fxe3 Rxe3+ 16. Kd1 $1 Kxg7 17. Qc3+ Kg8 18. Kc2 Qe7 (18... Qh4 $142) 19. Rhd1 $1 $16 Rd8 {[%cal Ob7g2] Threatens to win with ...Bxg2!} 20. Nf1 Rexd3 21. Rxd3 Be4 {[#]} 22. Rad1 {[%cal Of1g3] Hoping for Ng3!} Qa3 {[#]} 23. Ng3 Qxa2+ $11 24. Kc1 Bxd3 {Really sharp!} 25. Rxd3 Rxd3 26. Qxd3 Qxg2 27. Qd8+ Kg7 28. Qg5 Qg1+ (28... Qxh2 $2 29. Nf5+ Kh8 30. Qd8#) 29. Kb2 {Threatening mate with Nf5+.} Qxh2+ 30. Kc3 {White threatens Nf5+ and mate.} Qh3 {Prevents ?nota?.} 31. Qe5+ Kg8 32. Qxc7 h5 {White must now prevent ...h4.} 33. Kb4 h4 34. Qd8+ (34. Ne4 Qf5 35. Qd8+ Kg7 $17) 34... Kg7 $1 ({Don't do} 34... Kh7 35. Ne4 Qf5 36. Qxh4+ Kg7 37. Kc3 $16) 35. Ne4 Qf5 (35... Qe6 $5 36. Ng5 (36. Qxh4 $2 {perishes.} Qe5 $19) 36... Qf6 $15) 36. Qd5 {Inhibits Qa5+.} h3 37. Qxf5 gxf5 {[%mdl 4096] Endgame KN-KP} 38. Nf2 h2 39. Kb5 Kf6 40. b4 Ke5 (40... Ke6 $5) 41. c5 Kd5 42. cxb6 axb6 43. Kxb6 {KN-K3P} Kd4 44. b5 $1 Ke3 45. Nh1 f4 46. Kc5 {aiming for b6.} f3 (46... f5 $5) 47. b6 {And now Ng3 would win.} f2 48. Nxf2 {[%mdl 8192] White is on the road to losing.} Kxf2 {KPP-KP} 49. b7 h1=Q (49... h1=R $2 50. b8=Q $18 (50. b8=B f5 $19)) 50. b8=Q {KQ-KQ} Qc1+ 51. Kd5 Qd2+ 52. Ke5 $2 {[%mdl 8192] [#]} (52. Ke4 $11) 52... Qg5+ $1 {Black mates.} 53. Kd4 Qe3+ 54. Kd5 f5 55. Qh2+ Kf1 56. Qh1+ Ke2 57. Qg2+ Ke1 58. Qh1+ Kd2 59. Qg2+ Kc3 60. Qf1 f4 61. Qa1+ Kd2 62. Qb2+ Ke1 63. Qb1+ Kf2 64. Qb2+ Kf3 65. Qc2 Kg3 66. Qg6+ Kf2 67. Qc2+ Qe2 68. Qh7 Qd2+ 69. Ke5 f3 70. Qh2+ Ke1 71. Qg1+ Ke2 72. Qg4 Qc3+ 73. Kd5 Qe3 74. Kc4 Kd2 75. Qd7+ Ke1 76. Qh3 Qe4+ 77. Kc3 f2 78. Qg3 Ke2 79. Qh2 Qe3+ 80. Kc2 Qc5+ 81. Kb2 Qg5 82. Kc2 Ke1 {Weighted Error Value: White=0.29 (precise) /Black=0.13 (very precise)} 0-1

[Event "Benidorm Open-A 2022"]
[Site "Benidorm"]
[Date "2022.12.08"]
[Round "7.8"]
[White "Ibanez Aullana, Ramon"]
[Black "Van Foreest, Machteld"]
[Result "0-1"]
[ECO "E08"]
[WhiteElo "2270"]
[BlackElo "2206"]
[Annotator "TA"]
[PlyCount "70"]
[EventDate "2022.12.03"]
[EventType "swiss"]
[EventCountry "ESP"]
[SourceTitle "playchess.com"]
[Source "ChessBase"]
[SourceQuality "1"]
[TimeControl "5400+30"]

1. d4 d5 2. Nf3 Nf6 3. g3 e6 4. Bg2 Be7 5. O-O O-O 6. c4 Nbd7 7. Qc2 Ne4 8. Rd1 {E08: Closed Catalan: Main Line: 7 Qc2.} f5 {[#]} 9. b3 $146 ({Predecessor:} 9. Be3 c6 10. Ne5 Bf6 11. Nd3 a5 12. Nd2 Nxd2 13. Rxd2 Qe7 14. b3 g5 15. f4 {1-0 (110) Kruse,H (2636)-Bernal Varela,N (2401) FICGS email 2018}) 9... Ndf6 10. Ne5 {White is slightly better.} c6 11. f3 Nd6 12. Nc3 Qc7 13. Bg5 (13. e3 $14) 13... c5 (13... Nf7 $11 14. Nxf7 Rxf7) 14. e3 $1 $36 {[%cal Be2e3,Be3d4][%mdl 2080] Black is under strong pressure.} Rd8 15. Rac1 dxc4 16. bxc4 cxd4 17. exd4 Bd7 18. Bf4 ({White should try} 18. f4 $16) 18... b6 (18... Nxc4 $14 19. Nf7 Qc6 20. Nxd8 Rxd8) 19. Qb3 {[%cal Oc4c5] Strongly threatening c5!} Rac8 20. Nb5 (20. a4 $142) 20... Nxb5 (20... Qb7 $16 {keeps fighting.}) 21. cxb5 $18 Qb7 22. Nc6 $1 Re8 23. Be5 $1 f4 24. gxf4 {Hoping for f5.} Kh8 25. f5 exf5 26. f4 {Black must now prevent Nxe7.} Ne4 27. Qd5 (27. Nxe7 $16 {Rxc8 would kill now.} Rxe7 28. d5) 27... Ba3 (27... Bf8 $1 $11 28. Qc4 Re6) 28. Qf7 $1 $16 Rg8 {[#]} (28... Rxe5 $2 29. dxe5 Rf8 30. Qxf8+ $3 (30. Qxd7 Qxd7 31. Rxd7 Bxc1 $16) 30... Bxf8 31. Nd8 $18) (28... Bf8 $16 {was called for.}) 29. Bxe4 $2 Bxc1 $11 ({But not} 29... fxe4 30. Rc3 Bxc6 31. Qxb7 Bxb7 32. Rxa3 $16) 30. Bxf5 $2 (30. Bd3 $11 {and White is okay.} Be3+ 31. Kf1) 30... Be3+ $2 (30... Bxc6 $19 31. Qxb7 Bxb7 32. Bxc8 Rxc8) 31. Kf1 $17 Bxc6 {The board is on fire.} 32. Qh5 $2 (32. Qxb7 $17 Bxb7 33. Bxc8 Bxc8 34. Rd3) 32... Bxb5+ {Black mates.} 33. Rd3 Rc1+ 34. Ke2 Qg2+ 35. Kxe3 Re1+ {Quite a comeback for Black.   Weighted Error Value: White=0.66/Black=0.45} 0-1

[Event "Benidorm Open-A 2022"]
[Site "Benidorm"]
[Date "2022.12.08"]
[Round "7.9"]
[White "Kuipers, Eelco"]
[Black "Chernikov, Vladimir"]
[Result "1/2-1/2"]
[ECO "C41"]
[WhiteElo "2311"]
[BlackElo "2247"]
[Annotator "TA"]
[PlyCount "92"]
[EventDate "2022.12.03"]
[EventType "swiss"]
[EventCountry "ESP"]
[SourceTitle "playchess.com"]
[Source "ChessBase"]
[SourceQuality "1"]
[TimeControl "5400+30"]

1. e4 d6 2. d4 Nf6 3. Nc3 Nbd7 4. Nf3 e5 5. Bc4 Be7 6. O-O O-O 7. a4 c6 8. a5 Rb8 9. Re1 {C41: Philidor Defence.} b5 10. axb6 axb6 11. Ba2 {White has an edge.} b5 (11... Qc7 {seems wilder.} 12. Nh4 exd4 13. Nf5 Ne5) 12. h3 {[#]} Bb7 $146 ({Predecessor:} 12... h6 13. Nb1 Re8 14. Nbd2 Bf8 15. c3 c5 16. dxe5 dxe5 17. Nh4 c4 18. b3 Nc5 19. bxc4 {0-1 (42) Chudinovskih,A (2096)-Khruschiov,A (2343) Tuapse 2022}) 13. dxe5 dxe5 14. Nh4 b4 15. Na4 Nc5 {Strongly threatening ...Qxd1.} (15... Ra8 {feels hotter.} 16. Bb3 c5 17. Nf5 g6) 16. Qxd8 Rfxd8 (16... Rbxd8 17. Nf5 Nxa4 18. Nxe7+ Kh8 19. Bc4 $16) 17. Nxc5 (17. Nf5 {with more complications.} Bf8 18. Nxc5 Bxc5 19. Be3) 17... Bxc5 18. Bg5 Ra8 19. Nf3 Bd4 (19... Re8 $11) 20. Nxd4 $16 Rxd4 (20... exd4 $16 21. f3 h6) 21. f3 $18 h6 22. Bh4 (22. Be3 $18 Rdd8 23. Bc5) 22... Nh5 23. Bb3 Rxa1 24. Rxa1 Nf4 25. Bf2 Rd7 26. Be3 Ne2+ 27. Kf2 Nd4 28. Bxd4 exd4 $16 {[%mdl 4096] Endgame KRB-KRB} 29. Ke2 c5 (29... Kf8 $16 {might work better.}) 30. Ra5 Rc7 {[#]} 31. Kd3 $1 Bc8 (31... Kf8 {was called for.} 32. Kc4 d3) 32. Bd5 $18 Kf8 33. Kc4 b3 34. Kxb3 {And now Kc4 would win.} (34. Rxc5 $2 {loses.} bxc2 35. Rxc7 c1=Q+ $19) ({Don't play} 34. cxb3 $6 Be6 35. Bxe6 (35. Rxc5 $2 Rxc5+ 36. Kxd4 Rc2 $19) 35... fxe6 $16) 34... Ke7 35. Kc4 Kd6 36. f4 {Hoping for e5+.} f6 {Against e5+} 37. b3 h5 38. Kd3 h4 39. Bc4 ({White should play} 39. Kc4 $18) 39... g5 $16 {[#]} 40. fxg5 fxg5 41. b4 (41. Bd5 $16) 41... Ke5 $2 (41... Bb7 $1 $11 {and Black is okay.}) 42. Rxc5+ $2 (42. bxc5 $18 Rc6 43. Rb5) 42... Rxc5 $11 {The position is equal.} 43. bxc5 {aiming for c6.} Bb7 {Inhibits c6.} 44. Bd5 Ba6+ 45. Bc4 (45. Kd2 $5 Bf1 $8 46. c6 Bxg2 47. c7 Bxh3 48. Bb7 $11) 45... Bb7 46. Bd5 Ba6+ $1 {Weighted Error Value: White=0.30/Black=0.39} 1/2-1/2

[Event "Benidorm Open-A 2022"]
[Site "Benidorm"]
[Date "2022.12.08"]
[Round "7.10"]
[White "Escartin Lacasa, Jose"]
[Black "Fernandez Garcia, Gumersindo"]
[Result "1-0"]
[ECO "A43"]
[WhiteElo "2277"]
[BlackElo "2172"]
[Annotator "TA"]
[PlyCount "73"]
[EventDate "2022.12.03"]
[EventType "swiss"]
[EventCountry "ESP"]
[SourceTitle "playchess.com"]
[Source "ChessBase"]
[SourceQuality "1"]
[TimeControl "5400+30"]

1. d4 {Stohl,Igor} Nf6 2. Nf3 c5 3. d5 b5 4. Bg5 Bb7 5. Bxf6 exf6 6. e4 a6 7. a4 {A43: Schmid Benoni.} Qb6 8. Be2 c4 9. O-O {White is better.} Bc5 10. c3 O-O {[#]} 11. b4 $146 ({Predecessor:} 11. Nd4 Re8 12. Bf3 d6 13. axb5 axb5 14. Rxa8 Bxa8 15. b4 cxb3 16. Qxb3 Bxd4 17. cxd4 {1-0 (53) Khalifman,A (2655)-Fominyh,A (2515) Elista 1995 CBM 050 [Stohl,Igor]}) 11... cxb3 12. Qxb3 Re8 (12... d6 $14) 13. Nbd2 $16 ({But not} 13. axb5 $6 Rxe4 14. Bd3 Re8 $11) 13... f5 {[#]} 14. Bd3 d6 15. exf5 Nd7 16. axb5 Nf6 $2 {A mistake that costs the game.} (16... axb5 $16 17. Rxa8 (17. Bxb5 Bxf2+ 18. Kh1 Rxa1 $16) 17... Bxa8) 17. bxa6 $18 Bxd5 18. Qxb6 Bxb6 {This pair of bishops is nice.} 19. Rfb1 Bc5 20. Nd4 h6 21. h3 Rec8 22. Nb5 Bc6 23. c4 d5 24. Nb3 dxc4 25. Bxc4 (25. Nxc5 $142 cxd3 26. Nxd3) 25... Bb6 (25... Bxb5 {might work better.} 26. Bxb5 Ba7) 26. Nd6 Rc7 27. Na5 Bd4 28. Ra2 Bd5 29. Bxd5 Nxd5 30. Nb5 Rxa6 31. Nxd4 Nc3 32. Rb8+ Kh7 33. Ra1 Ne4 34. Re1 Nxf2 35. Kxf2 Rxa5 36. Ree8 {[%csl Gb8][%cal Re8h8] [#]} g6 37. f6 {Weighted Error Value: White=0.10 (very precise) /Black=0.52} 1-0

[Event "Benidorm Open-A 2022"]
[Site "Benidorm"]
[Date "2022.12.08"]
[Round "7.11"]
[White "Gugan G"]
[Black "Mannion, Stephen R"]
[Result "0-1"]
[ECO "C42"]
[WhiteElo "2126"]
[BlackElo "2227"]
[Annotator "TA"]
[PlyCount "70"]
[EventDate "2022.12.03"]
[EventType "swiss"]
[EventCountry "ESP"]
[SourceTitle "playchess.com"]
[Source "ChessBase"]
[SourceQuality "1"]
[TimeControl "5400+30"]

1. e4 e5 2. Nf3 Nf6 3. Nxe5 d6 4. Nf3 Nxe4 5. d4 d5 6. Bd3 Bd6 7. O-O O-O 8. c4 c6 9. Nc3 Nxc3 10. bxc3 dxc4 11. Bxc4 Bf5 12. a4 {C42: Petroff Defence: 3 Nxe5 and unusual White 3rd moves.} (12. Bg5 {is interesting.} Qa5 13. Nh4 Be6 14. Bxe6 Qxg5 15. Nf3) 12... Nd7 {[%cal Bb8d7,Bd7f6,Bf6d5][%mdl 32] [#]} 13. Be3 $146 ({Predecessor:} 13. Re1 h6 14. Ba3 Bxa3 15. Rxa3 Re8 16. Rxe8+ Qxe8 17. Ra2 Qf8 18. Re2 Re8 19. a5 b5 20. axb6 Nxb6 {½-½ (41) De la Paz Perdomo,F (2473)-Bluvshtein,M (2589) Toluca 2011}) 13... Qc7 14. h3 Nf6 15. Nh4 (15. Bd3 {simplifies} Bxd3 16. Qxd3 Rfe8 17. Rfe1) 15... Be4 16. Bd3 Rfe8 17. Nf5 (17. Re1 {with more complications.} Qa5 18. Qc2 Bxd3 19. Qxd3 Ne4 20. Bd2) 17... Bxf5 (17... Bh2+ {keeps more tension.} 18. Kh1 Bf4 19. Bxe4 Rxe4 20. Qd2 Bxe3 21. Nxe3 Rae8) 18. Bxf5 g6 19. Bd3 Nd5 20. Bd2 Rad8 21. Qf3 Bf4 {Against g3} 22. Be1 (22. Bxf4 {simplifies} Qxf4 23. Qxf4 Nxf4 24. Bc4) 22... Bh6 23. g3 Re6 24. Rd1 Rf6 25. Qe2 Qe7 26. Kh2 Re8 (26... Re6 $5 27. Qa2 b6 $11) 27. Qb2 (27. Qxe7 $11 Nxe7 28. f4) 27... Rd6 $2 (27... Rf3 $15 28. Qc2 Nf4 $1) 28. a5 $2 (28. c4 $18) 28... Bg7 {[#]} (28... b5 $11 {remains equal.}) 29. Rb1 (29. c4 $1 $16 ) 29... b5 $11 {The position is equal.} 30. axb6 axb6 31. Bd2 b5 32. Rfe1 Qd8 33. Rxe8+ Qxe8 34. Re1 Re6 35. Rxe6 Qxe6 {[%mdl 32768] Weighted Error Value: White=0.21 (precise) /Black=0.24 (precise) . Loss on time!?} 0-1

[Event "Benidorm Open-A 2022"]
[Site "Benidorm"]
[Date "2022.12.08"]
[Round "7.12"]
[White "Panjer, Sidney"]
[Black "Harshad S"]
[Result "1/2-1/2"]
[ECO "D02"]
[WhiteElo "2115"]
[BlackElo "2202"]
[Annotator "TA"]
[PlyCount "60"]
[EventDate "2022.12.03"]
[EventType "swiss"]
[EventCountry "ESP"]
[SourceTitle "playchess.com"]
[Source "ChessBase"]
[SourceQuality "1"]
[TimeControl "5400+30"]

1. Nf3 d5 2. d4 Nf6 3. c4 e6 4. g3 dxc4 5. Qa4+ Nbd7 6. Bg2 a6 7. Qxc4 b5 8. Qc6 Rb8 ({Don't take} 8... Bb4+ 9. Bd2 Bxd2+ 10. Nbxd2 $14) 9. Bf4 {E03: Open Catalan: 5 Qa4+ Nbd7 6 Qxc4.} Bb7 10. Qxc7 Bb4+ {is the legacy move (10...Qxc7).} 11. Nbd2 Qxc7 12. Bxc7 Rc8 13. Bf4 Rc2 $1 14. Rb1 Bxd2+ 15. Bxd2 O-O 16. Nh4 Ne4 17. Bxe4 Bxe4 18. f3 Bd5 19. Kd1 $1 Rfc8 (19... Rc4 {simplifies} 20. b3 Rxd4 21. Ke1 Bb7) 20. Bc3 R8xc3 21. bxc3 Rxa2 {[#]} 22. Ng2 $146 {The position is equal.} ({Predecessor:} 22. Rf1 Nb6 23. Ke1 Nc4 24. Rf2 Ne3 25. Ng2 Nxg2+ 26. Rxg2 Bxf3 27. Rf2 Be4 28. Rb4 Ra1+ 29. Kd2 {½-½ (29) Shapiro,V (2354)-Roy Laguens,A (2359) ICCF email 2018}) 22... Bb3+ $1 {[%mdl 64] [#]} 23. Ke1 {[%cal Og2e3] Threatens to win with Ne3!} (23. Rxb3 $5 Ra1+ $8 24. Kd2 Rxh1 25. c4 $11) 23... Bc4 $1 24. Nf4 Nb6 {Hoping for ...Na4.} 25. Rd1 Nd5 26. Rd2 Ra1+ 27. Rd1 Ra2 28. Rd2 {[#] aiming for Rxa2.} Ra1+ 29. Rd1 Ra2 {...Nxf4 is the strong threat.} 30. Rd2 {Black must now prevent Rxa2.} Ra1+ {A balanced but interesting game.   Weighted Error Value: White=0.01 (flawless) /Black=0.02 (flawless)} 1/2-1/2

[Event "Benidorm Open-A 2022"]
[Site "Benidorm"]
[Date "2022.12.08"]
[Round "7.13"]
[White "Priyanka, Kumari"]
[Black "Arjun C Krishnamachari"]
[Result "1/2-1/2"]
[ECO "B00"]
[WhiteElo "1910"]
[BlackElo "2241"]
[Annotator "TA"]
[PlyCount "128"]
[EventDate "2022.12.03"]
[EventType "swiss"]
[EventCountry "ESP"]
[SourceTitle "playchess.com"]
[Source "ChessBase"]
[SourceQuality "1"]
[TimeControl "5400+30"]

1. e4 b6 2. d4 Bb7 3. Nc3 e6 4. Nf3 Ne7 5. Bd3 g6 6. h4 {B00: Queen's Fianchetto Defence, Nimzowitsch Defence.} h5 (6... h6 $14) 7. Bg5 Bg7 {[#] Inhibits Bf6.} 8. e5 $146 {White is better.} ({Predecessor:} 8. Qd2 d5 9. e5 a6 10. Nd1 c5 11. c3 c4 12. Bc2 b5 13. Ne3 a5 14. a4 {0-1 (46) Vusatiuk,V (2308)-Olenik Campa,R (2203) Chess.com INT 2022}) 8... d5 {Prevents Ne4.} 9. Nh2 (9. O-O $16) 9... a6 ({Black should try} 9... Qd7 $14) 10. Ne2 $16 {White is much more active.} c5 11. c3 c4 12. Bc2 Nd7 13. Nf4 {[%cal Oc2g6] Hoping for Bxg6!} Qc7 14. Qe2 b5 15. g4 (15. Nf3 $16) 15... Nxe5 $1 $14 16. gxh5 (16. dxe5 {feels hotter.} d4 17. Be4 dxc3 18. bxc3 Bxe4 19. Qxe4 Qxe5 20. Qxe5 Bxe5 21. Ne2) 16... Nd3+ 17. Bxd3 cxd3 18. Nxd3 {hxg6 is the strong threat.} gxh5 (18... Rxh5 $14 19. Ng4 Kf8) 19. Bf4 Qb6 20. Nf3 {Prevents b4.} Ng6 21. Nfe5 {Black must now prevent Nxg6.} Nxf4 22. Nxf4 Qc7 23. Rg1 (23. Nxh5 $6 Bxe5 24. dxe5 O-O-O $11) ({White should play} 23. Nfd3 $1 $16) 23... Bxe5 $1 24. Qxe5 Qxe5+ 25. dxe5 O-O-O (25... Rc8 $14) 26. O-O-O $16 ({Don't play} 26. Rg7 Rdg8 27. Rg3 (27. Rxf7 $2 {too greedy.} Rg1+ 28. Kd2 Rxa1 $19) 27... Rxg3 28. fxg3 Kd7 $14) 26... Rdg8 27. Kd2 Rg4 (27... a5 $142) 28. Rxg4 hxg4 {[%mdl 4096] Endgame KRB-KRN} 29. h5 Kd7 30. Rg1 Rg8 31. Ke3 Ke7 32. Kd4 Rg5 (32... Bc6 $142 33. Rh1 Rg7) 33. h6 $18 Kf8 34. Rh1 Kg8 35. Rh5 (35. Nh5 $142) 35... Rxh5 36. Nxh5 {Threatens to win with Nf6+. KB-KN} Kh7 37. Nf6+ Kxh6 38. Nxg4+ Kg5 {[#]} 39. Nf6 Kg6 $2 (39... Bc8 40. a3 Kf4) 40. Kc5 Kf5 41. Kd6 (41. Kb6 $18 Bc8 42. Kc7 Kxe5 43. Nh5) 41... b4 $1 $11 42. Nd7 {Strongly threatening Nc5.} a5 $1 43. Nc5 Ba8 (43... bxc3 $11 {keeps the balance.} 44. bxc3 Ba8) 44. a3 (44. cxb4 $16 axb4 45. Nd3) 44... bxa3 45. bxa3 Kf4 46. a4 Kf5 47. Nd7 (47. Nb3 $5 Ke4 $8 48. Nd4 $11 (48. Nxa5 Kd3 $15)) 47... Bb7 $2 {[#]} (47... Ke4 $11 48. Nc5+ Kf5) 48. Kc7 $1 $18 Ba6 49. Nc5 (49. Kc6 $16) 49... Be2 $11 {The position is equal.} 50. Kd6 Bd1 51. Nb7 Bxa4 52. Nxa5 f6 53. exf6 Kxf6 54. Nb7 Bd1 55. Nc5 Bg4 56. Nd7+ Kf5 57. Nc5 Kf6 58. Nd3 Kf5 59. Ne5 {Threatening mate with Nxg4.} Bh3 60. Nf3 Kf4 61. Nd4 e5 62. Nc6 d4 63. cxd4 exd4 64. Nxd4 Ke4 {Weighted Error Value: White=0.22 (precise) /Black=0.25 (precise)} 1/2-1/2

[Event "Benidorm Open-A 2022"]
[Site "Benidorm"]
[Date "2022.12.08"]
[Round "7.15"]
[White "Ojas Kulkarni"]
[Black "Sanroman Costas, Mauro"]
[Result "1-0"]
[ECO "A48"]
[WhiteElo "2233"]
[BlackElo "2123"]
[Annotator "TA"]
[PlyCount "77"]
[EventDate "2022.12.03"]
[EventType "swiss"]
[EventCountry "ESP"]
[SourceTitle "playchess.com"]
[Source "ChessBase"]
[SourceQuality "1"]
[TimeControl "5400+30"]

1. d4 Nf6 2. Nf3 g6 3. Bf4 Bg7 4. e3 O-O 5. Be2 d6 6. h3 Nfd7 7. O-O e5 8. Bh2 Nc6 9. c4 e4 {A48: 1 d4 Nf6 2 Nf3 g6: Torre, London and Colle Systems.} 10. Nfd2 f5 11. Nc3 Ne7 {White is slightly better.} 12. b4 {[#]} (12. c5 $5) 12... a6 $146 ({Predecessor:} 12... Nf6 13. b5 Be6 14. Qc2 Kh8 15. Rfc1 g5 16. c5 d5 {0-1 (46) Diakonova,E (2157)-Charochkina,D (2327) Sochi 2021}) 13. Rc1 Nf6 14. d5 Kh8 15. a4 g5 16. a5 Rg8 17. c5 {White is more active.} dxc5 18. bxc5 {Threatening Bc4.} Nexd5 ({Much worse is} 18... Nfxd5 19. Nxd5 Nxd5 20. Qb3 $11) 19. Nxd5 Nxd5 20. Bc4 {[%cal Od2e4] White wants to play Nxe4!} c6 21. Nb3 (21. Bd6 $11) 21... Re8 (21... f4 $1 $15) 22. Bd6 $14 Be6 {Black is now going downhill.} (22... Nc3 $11 {remains equal.} 23. Qh5 Bd7) 23. Nd4 $16 Qd7 {[#]} (23... Qxa5 $2 24. Nxe6 Rxe6 25. Bxd5 cxd5 26. Qxd5 $18) (23... Bxd4 $16 24. Qxd4+ Kg8) 24. Nxe6 $1 $18 Qxe6 ({Less strong is} 24... Rxe6 25. Bxd5 cxd5 26. Qxd5) 25. Qb3 Bf8 (25... Qf7 $142 26. Rb1 f4 27. Qxb7 Qxb7 28. Rxb7 Bc3) 26. Bxf8 Rxf8 27. Rfd1 ({Don't take} 27. Qxb7 Rfb8 28. Bxd5 cxd5 $16) 27... Qf7 (27... Qe7 $142) 28. Bxd5 cxd5 29. Rxd5 Rac8 30. Rcd1 Rc7 31. Qa4 {[#] Threatens to win with Rd7.} Rfc8 $2 (31... Qf6 32. Rd6 Qc3) 32. Rd8+ Rxd8 33. Rxd8+ {[%mdl 4096] Endgame KQR-KQR} (33. Qa1+ $142 Rd4 34. Rxd4) 33... Kg7 34. Qd4+ Kg6 35. Rd6+ {White mates.} Kh5 36. g4+ fxg4 37. hxg4+ Kxg4 38. Qxe4+ Kh5 39. f3 {Weighted Error Value: White=0.14 (very precise) /Black=0.63} 1-0

[Event "Benidorm Open-A 2022"]
[Site "Benidorm"]
[Date "2022.12.08"]
[Round "7.16"]
[White "Roe, Simon J"]
[Black "Levi, Netanel"]
[Result "1-0"]
[ECO "E62"]
[WhiteElo "2146"]
[BlackElo "2179"]
[Annotator "TA"]
[PlyCount "69"]
[EventDate "2022.12.03"]
[EventType "swiss"]
[EventCountry "ESP"]
[SourceTitle "playchess.com"]
[Source "ChessBase"]
[SourceQuality "1"]
[TimeControl "5400+30"]

1. Nf3 d6 2. d4 Nf6 3. g3 g6 4. Bg2 Bg7 5. c4 O-O 6. Nc3 Nc6 7. O-O e5 8. d5 Nb8 {outshines the older 8...Ne7.} 9. e4 a5 {E62: King's Indian: Fianchetto: 6...c6 and Panno Variation (6...Nc6) without ...a6.} 10. Rb1 Na6 11. Re1 Nc5 {The position is equal.} 12. b3 {[#]} Ng4 $146 ({Predecessor:} 12... c6 13. dxc6 bxc6 14. Ba3 Qe7 15. Qd2 Rd8 16. Rbd1 Be6 17. h3 Qc7 18. Ng5 Qb6 {1-0 (49) Ding,L (2799)-Pichot,A (2630) chess24.com INT 2021}) 13. h3 Nh6 14. Be3 {[#] Threatens to win with Qd2.} f5 15. Qd2 (15. Bxc5 $14 dxc5 16. exf5) 15... Nf7 $11 16. exf5 Bxf5 17. Rbd1 e4 (17... b6 $11 {remains equal.}) 18. Nd4 $16 {White stays focused until the end.} h5 {Prevents g4.} 19. Ne6 Nxe6 (19... Bxc3 $16 {was necessary.} 20. Qxc3 Nxe6 21. dxe6 Ne5) 20. dxe6 $18 Ne5 (20... Bxe6 $142 21. Nxe4 (21. Bxe4 Bxh3 22. Bxb7 Rb8 $16) 21... Bf5) 21. Nxe4 {And now Bg5 would win.} Bxh3 22. Qd5 {[#] Hoping for e7+.} ({Less strong is} 22. Bg5 Qe8 $18) 22... Kh8 (22... Nf3+ $2 23. Bxf3 c6 24. Qg5 Bxe6 25. Qxg6 $18) (22... c6 $142 23. Qxd6 Qxd6 24. Rxd6 Bf5) 23. Bxh3 {White is clearly winning.} Nf3+ 24. Kg2 Be5 25. Rh1 Kg7 26. Nd2 Ng5 27. f4 c6 28. Qd3 Nxh3 29. fxe5 Ng5 30. Qxd6 Qxd6 31. exd6 Nxe6 32. Nf3 a4 33. b4 Rae8 34. Rhe1 Rf5 35. Nd4 {Weighted Error Value: White=0.07 (flawless) /Black=0.40} 1-0